 Dungeon Crawl Stone Soup version 0.31-a0-836-g3ceb0a68c4 (webtiles) character file.

Game seed: 7140558965247130498

2578 Hubris850 the Stinger (level 9, -4/46 (62) HPs)
             Began as a White Draconian Venom Mage on Sept 26, 2023.
             Was a Follower of Vehumet.
             Slain by a wight
             ... wielding a +4 short sword of freezing
              (7 damage)
             ... on level 8 of the Dungeon.
             The game lasted 00:23:09 (7981 turns).

Hubris850 the Stinger (White Draconian Venom Mage)  Turns: 7981, Time: 00:23:09

HP:   -4/46 (62)    AC:  9    Str: 10    XL:     9   Next: 32%
MP:   18/18         EV: 13    Int: 19    God:    Vehumet [*.....]
Gold: 391           SH:  0    Dex: 17    Spells: 11/20 levels left

rFire   . . .        k - staff of Vehumet's Displeasure {rElec Dex+4 Ice Air}
rCold   + . .        (no shield)
rNeg    . . .        (body armour unavailable)
rPois   .            (helmet restricted)
rElec   +            u - +0 cloak
rCorr   .            o - +0 pair of gloves
SInv    .            (no boots)
Will    .....        l - amulet of the acrobat
Stlth   ++           (no ring)
HPRegen 0.27/turn    (no ring)
MPRegen 0.16/turn

%: acrobat
@: very heavily drained
A: breathe frost, AC +7, unfitting armour, cold resistance 1, cold-blooded
a: Breathe Frost, Renounce Religion


You were on level 8 of the Dungeon.
You worshipped Vehumet.
Vehumet was aware of your devotion.
You visited 1 branch of the dungeon, and saw 8 of its levels.

You collected 391 gold pieces.

Inventory:

Hand Weapons
 b - a +0 dagger
 f - a +0 short sword
 r - a +2 dagger of speed
 s - a +2 whip of flaming
 A - a +4 falchion
Missiles
 i - 10 poisoned darts
 x - 5 datura-tipped darts
Armour
 o - a +0 pair of gloves (worn)
 u - a +0 cloak (worn)
Magical Staves
 k - the staff of Vehumet's Displeasure (weapon) {rElec Dex+4 Ice Air}
   (You found it on level 2 of the Dungeon)

   [staff of air]

   Base accuracy: +5 Base damage: 5 Base attack delay: 1.2 This weapon's minimum
   attack delay (0.6) is reached at skill level 12.
   Dex+4:     It affects your dexterity (+4).
   rElec:     It insulates you from electricity.
   Ice:       It increases the power of your Ice spells.
   Air:       It increases the power of your Air spells.
   It falls into the 'Staves' category.
   It is a one-handed weapon.
Jewellery
 l - an amulet of the acrobat (around neck)
Talismans
 d - a serpent talisman
 m - a blade talisman
Wands
 v - a wand of digging (8)
 w - a wand of iceblast (9)
Scrolls
 c - 2 scrolls of revelation
 e - 4 scrolls of teleportation
 h - a scroll of poison
 j - 2 scrolls of enchant armour
 n - a scroll of immolation
 y - a scroll of identify
 z - a scroll of blinking {unknown}
Potions
 a - a potion of magic
 g - 2 potions of mutation
 p - a potion of might
 q - 2 potions of haste
 t - a potion of heal wounds


   Skills:
 - Level 3.5 Dodging
 - Level 1.7 Stealth
 + Level 6.3 Spellcasting
 + Level 6.5 Transmutations
 - Level 3.0 Air Magic
 + Level 7.2 Poison Magic
 - Level 3.0 Evocations


You had 11 spell levels left.
You knew the following spells:

 Your Spells              Type           Power      Damage    Failure   Level
a - Olgreb's Toxic Radia  Pois           33%        N/A       5%          4
b - Poisonous Vapours     Pois/Air       76%        N/A       1%          2
c - Mephitic Cloud        Conj/Pois/Air  28%        N/A       9%          3

Your spell library contained the following spells:

 Spells                   Type           Power      Damage    Failure   Level
 Kiss of Death            Conj/Necr      24%        2d7       11%         1
 Sting                    Tmut/Pois      100%       1d8       1%          1
 Cigotuvi's Dreadful Rot  Necr/Pois/Air  56%        N/A       4%          2
 Alistair's Intoxication  Tmut/Pois      21%        N/A       19%         5
 Dazzling Flash           Conj/Hex       12%        N/A       32%         3
 Silence                  Hex/Air        8%         N/A       86%         5
 Agony                    Necr           6%         N/A       97%         5


Dungeon Overview and Level Annotations

Branches:
Dungeon (8/15)             Temple (0/1) D:5
   Lair: D:8-11

Altars:
Ashenzari
Cheibriados
Gozag
Makhleb
Nemelex Xobeh
Trog
Uskayaw
Vehumet
Wu Jian
Xom
Zin

Shops:
D:5 *   D:7 [


Innate Abilities, Weirdness & Mutations

You can breathe waves of freezing cold which knock back foes.
Your icy white scales are hard. (AC +7)
You cannot fit into any form of body armour.
Your flesh is cold resistant. (rC+)
You are cold-blooded and may be slowed by cold attacks.


Message History

The wight misses you.
You hit the wight but do no damage.
The wight is heavily damaged.
The wight hits you with a +4 short sword of freezing!
The wight freezes you.
The wight hits you with a +4 short sword of freezing.
* * * LOW HITPOINT WARNING * * *
You feel drained.
* * * LOW HITPOINT WARNING * * *
The wight freezes you.
* * * LOW HITPOINT WARNING * * *
You closely miss the wight.
You tail-slap the wight, but do no damage.
The wight is heavily damaged.
The wight completely misses you.
You hit the wight.
Your tail-slap misses the wight.
The wight is heavily damaged.
The wight hits you with a +4 short sword of freezing.
* * * LOW HITPOINT WARNING * * *
You feel drained.
* * * LOW HITPOINT WARNING * * *
The wight freezes you.
* * * LOW HITPOINT WARNING * * *
Casting: Olgreb's Toxic Radiance (dangerous; 5% risk of failure)
Confirm with . or Enter, or press ? or * to list all spells.
Okay, then.
You completely miss the wight.
Your tail-slap misses the wight.
The wight is heavily damaged.
The wight hits you with a +4 short sword of freezing.
* * * LOW HITPOINT WARNING * * *
You feel drained.
You closely miss the wight.
You tail-slap the wight, but do no damage.
You punch the wight.
The wight is severely damaged.
The wight hits you but does no damage.
You barely miss the wight.
Your tail-slap misses the wight.
The wight is severely damaged.
The wight hits you with a +4 short sword of freezing!
You die...

####.# ###.#..#.# ##.## #.#
#......#.# #.# #.# #.#.#.##.# #.#
#.# # #.#.#.##.# ##+## #.#
#.##.#......# ##...## ###.#
#........######.....## ##.#.#
####.##.## ##.......##
#....########.#.z.####.........##
................@....'.........'.
#....####.###.#...####.........##
##.#.# #.# #.##.## ##.......##
###.# #.# #.##.# ##.....## #..#
#.# #.##.# ##...## #.##
#.###.##.# ##'## #.### #........#
#)# ###...# #####.#### #)#
....#.# #........# ##รท##


You could see a wight.

Vanquished Creatures
  Pikel (D:5)
  A wyvern (D:8)
  2 water moccasins
  3 sky beasts
  An ogre (D:6)
  A centaur (D:8)
  A bullfrog (D:8)
  3 scorpions
  4 wights (D:8)
  5 killer bees (D:6)
  A vampire bat (D:3)
  A howler monkey (D:5)
  An orc priest (D:5)
  5 hounds
  A gnoll bouda (D:6)
  A sleepcap (D:8)
  3 iguanas
  2 orc wizards
  5 gnolls (D:6)
  6 adders
  2 white imps (D:8)
  An ufetubus (D:4)
  A worm (D:2)
  2 dart slugs
  3 fire bats (D:3)
  5 orcs
  2 spectral bats (D:3)
  12 bats
  3 bat skeletons (D:3)
  A bat zombie (D:3)
  8 endoplasms
  3 giant cockroaches
  5 hobgoblins
  5 jackals
  7 kobolds
  3 quokkas
  3 ball pythons
  A bat simulacrum (D:3)
  2 frilled lizards
  4 goblins
  6 rats
127 creatures vanquished.

Vanquished Creatures (others)
  A white imp (D:6)
1 creature vanquished.

Grand Total: 128 creatures vanquished

Notes
Turn   | Place    | Note
-------+----------+-------------------------------------------
     0 | D:1      | Hubris850 the Draconian Venom Mage began the quest for the
                  | Orb.
     0 | D:1      | Reached XP level 1. HP: 14/14 MP: 3/3
   186 | D:1      | Reached XP level 2. HP: 20/20 MP: 0/5
  1035 | D:2      | Reached XP level 3. HP: 26/26 MP: 6/6
  1191 | D:2      | Learned a level 2 spell: Poisonous Vapours
  1728 | D:2      | Found a faded altar of an unknown god.
  1735 | D:2      | Identified the staff of Vehumet's Displeasure {rElec Dex+4
                  | Ice Air}
  1742 | D:2      | Learned a level 3 spell: Mephitic Cloud
  1991 | D:3      | Reached XP level 4. HP: 6/33 MP: 7/7
  2161 | D:3      | Found a sparkling altar of Nemelex Xobeh.
  2442 | D:3      | Reached skill level 1 in Air Magic
  2524 | D:3      | Reached XP level 5. HP: 38/38 MP: 9/9
  2769 | D:3      | Found a radiant altar of Vehumet.
  2778 | D:3      | Became a worshipper of Vehumet
  3167 | D:4      | Reached skill level 4 in Poison Magic
  3167 | D:4      | Reached XP level 6. HP: 45/45 MP: 2/10
  3425 | D:5      | Entered Level 5 of the Dungeon
  3434 | D:5      | Found a staircase to the Ecumenical Temple.
  3442 | D:5      | Noticed Pikel
  3468 | D:5      | Killed Pikel
  3469 | D:5      | Your scales start taking on an icy white colour.
  3469 | D:5      | Reached XP level 7. HP: 15/50 MP: 2/12
  3469 | D:5      | Gained mutation: Your flesh is cold resistant. (rC+) [White
                  | Draconian growth]
  3657 | D:5      | Noticed a +0 dagger
  3658 | D:5      | Noticed a +0 short sword
  3658 | D:5      | Noticed a +0 spear
  3659 | D:5      | Noticed a +0 short sword
  3659 | D:5      | Noticed a +0 spear
  3659 | D:5      | Noticed a +0 falchion
  3660 | D:5      | Noticed a +0 dagger
  3661 | D:5      | Noticed a +0 falchion
  3677 | D:5      | Found a hide-covered altar of Uskayaw.
  3792 | D:5      | Found Cocekump's Neck Hole.
  3816 | D:5      | Found a shimmering altar of Xom.
  3870 | D:5      | Found a shimmering altar of Xom.
  3870 | D:5      | Found a shimmering altar of Xom.
  3871 | D:5      | Found a shimmering altar of Xom.
  3871 | D:5      | Found a shimmering altar of Xom.
  3875 | D:5      | Found a shimmering altar of Xom.
  4036 | D:5      | Found an ornate altar of the Wu Jian Council.
  4345 | D:5      | Learned a level 4 spell: Olgreb's Toxic Radiance
  4796 | D:6      | Reached skill level 5 in Poison Magic
  4796 | D:6      | Reached XP level 8. HP: 25/57 MP: 9/14
  5034 | D:6      | Reached * piety under Vehumet
  5034 | D:6      | Offered knowledge of Kiss of Death by Vehumet.
  5327 | D:6      | Found a snail-covered altar of Cheibriados.
  5328 | D:6      | Found a broken altar of Ashenzari.
  5333 | D:6      | Reached skill level 5 in Spellcasting
  5372 | D:6      | Reached skill level 5 in Transmutations
  5521 | D:6      | Reached skill level 6 in Poison Magic
  6017 | D:7      | Found Peicuff's Antique Armour Shop.
  6276 | D:7      | Found a burning altar of Makhleb.
  6283 | D:7      | Found a glowing silver altar of Zin.
  6284 | D:7      | Noticed an angel
  6286 | D:7      | Noticed a balrug
  6778 | D:8      | Reached XP level 9. HP: 53/62 MP: 15/17
  6990 | D:8      | Found a bloodstained altar of Trog.
  7010 | D:8      | Got an odd book
  7033 | D:8      | Found an opulent altar of Gozag.
  7283 | D:8      | Reached skill level 7 in Poison Magic
  7981 | D:8      | Slain by a wight

Illustrated notes

Levels and vault maps discovered:
D:1:      minmay_arrival_open_corners, layout_rooms
D:2:      layout_loops_ring, ebering_ecumenical_altar_hall
D:3:      layout_basic, general_overflow_altar,
          mainiacjoe_overflow_tiny_flanked, goddamned_bats
D:4:      layout_basic, amethyst_killhole
D:5:      layout_loops_cross, xom_redecorated, nicolae_uskayaw_en_pointe,
          mainiacjoe_overflow_alcove_1, minmay_temple_entry_tees,
          nicolae_shop_sticking_my_neck_out, uniq_pikel
D:6:      layout_rooms, chequers_temple_overflow_statue_of_worship,
          lemuel_flame_loot_1
D:7:      layout_layer_cave, grunt_temple_overflow_order_and_chaos_2,
          serial_shops, shop
D:8:      layout_loops_corners, mainiacjoe_overflow_boulevard,
          mainiacjoe_overflow_24_doors

Skill      XL: |  1  2  3  4  5  6  7  8  9 |
---------------+----------------------------+-----
Dodging        | 2 3 |  3.5
Transmutations | 2 3 4 5 6 |  6.5
Air Magic      | 1 3 |  3.0
Spellcasting   | 3 4 5 6 |  6.3
Poison Magic   | 4 5 6 7 |  7.2
Evocations     | 2 3 |  3.0
Stealth        | |  1.7

Action                     |  1- 3 |  4- 6 |  7- 9 || total
---------------------------+-------+-------+-------++-------
  Melee: Unarmed           |     6 |       |       ||     6
         Tailslap          |    13 |    23 |    46 ||    82
         Dagger            |    39 |       |       ||    39
         Short sword       |    33 |       |       ||    33
         Staff             |    28 |   150 |   274 ||   452
         Punch             |     1 |     3 |    10 ||    14
  Throw: Dart              |       |       |     1 ||     1
         Throwing net      |       |       |     1 ||     1
   Cast: Sting             |    64 |    10 |       ||    74
         Poisonous Vapours |     2 |     8 |    34 ||    44
         Olgreb's Toxic Ra |       |       |     4 ||     4
Ability: Breathe Frost     |       |       |    11 ||    11
    Use: Scroll            |       |       |    11 ||    11
         Potion            |       |       |     4 ||     4
   Stab: Sleeping          |     5 |     4 |     2 ||    11
         Held in net/web   |       |       |     2 ||     2
 Armour: Skin              |   120 |   179 |   203 ||   502
  Dodge: Dodged            |   158 |   197 |   211 ||   566

Table legend: (Time is in decaauts)
 A = Elapsed time spent in this place.
 B = Non-inter-level travel time spent in this place.
 C = Inter-level travel time spent in this place.
 D = Time resting spent in this place.
 E = Time spent auto-exploring this place.
 F = Levels seen in this place.
 G = Mean time per level.
                   A        B        C        D        E       F      G
               +--------+--------+--------+--------+--------+-----+--------+
         Total |   8071 |   7891 |    180 |    913 |   5429 |   8 | 1008.9 |
       Dungeon |   8071 |   7891 |    180 |    913 |   5429 |   8 | 1008.9 |
               +--------+--------+--------+--------+--------+-----+--------+

Top non-repeatable levels by time:
     D:8: 1268 daAuts
     D:5: 1240 daAuts
     D:6: 1169 daAuts
     D:3: 1044 daAuts
     D:7: 933 daAuts
     D:2: 909 daAuts
     D:1: 885 daAuts
     D:4: 619 daAuts
